 Dungeon Crawl Stone Soup version 0.23-a0-767-gdc19b93d68 (webtiles) character file.

209760 Majang the Grappler (level 18, -2/175 HPs)
             Began as a Troll Transmuter on Sept 16, 2018.
             Was the Champion of Cheibriados.
             Slain by a shock serpent (4 damage)
             ... on level 4 of the Snake Pit on Jan 19, 2019.
             The game lasted 04:07:56 (32599 turns).

Majang the Grappler (Troll Transmuter)             Turns: 32599, Time: 04:07:56

Health: -2/175     AC: 15    Str: 40    XL:     18   Next: 54%
Magic:  25/28      EV: 14    Int: 28    God:    Cheibriados [******]
Gold:   1290       SH:  6    Dex: 21    Spells: 5/32 levels left

rFire    + . .     SeeInvis +     - Unarmed
rCold    . . .     Gourm    +   (no shield)
rNeg     . . .     Faith    .   E - +1 acid dragon scales
rPois    +         Spirit   .   I - +2 hat
rElec    .         Reflect  +   G - +2 cloak
rCorr    +         Harm     .   (gloves unavailable)
MR       +....                  (boots unavailable)
Stlth    +.........             v - +6 amulet of reflection
HPRegen  0.79/turn              N - ring of poison resistance
MPRegen  0.21/turn              k - ring "Guigimut" {Wiz rF+ Dex-4 SInv}

@: about to teleport, constricted, very slow
A: large, unfitting armour, claws 3, fast metabolism 3, gourmand, regeneration
1, shaggy fur 1, tough skin 2
a: Bend Time, Temporal Distortion, Slouch, Step From Time, Renounce Religion


You were on level 4 of the Snake Pit.
You worshipped Cheibriados.
Cheibriados was exalted by your worship.
You were full.

You visited 6 branches of the dungeon, and saw 30 of its levels.
You also visited: Bailey and Gauntlet.

You collected 3088 gold pieces.
You spent 1798 gold pieces at shops.

Inventory:

Missiles
 a - 791 arrows
 P - 24 large rocks (quivered)
Armour
 d - the +0 robe "Lajaugoizo" {rElec MR+}
   (You took it off an orc in a bailey)

   It insulates you from electricity.
   It affects your resistance to hostile enchantments.
 C - a +2 robe of magic resistance
 E - +1 acid dragon scales (worn)
 G - a +2 cloak (worn)
 I - a +2 hat (worn)
 L - the +5 robe of Responsibility {+Blink rC+}
   (You found it on level 4 of the Lair of Beasts)

   It protects you from cold.
   It lets you blink.
Jewellery
 f - an uncursed ring of ice
 i - an uncursed ring of protection from fire
 k - the ring "Guigimut" (right claw) {Wiz rF+ Dex-4 SInv}
   (You found it on level 7 of the Dungeon)

   [ring of wizardry]

   It improves your spell success rate.
   It affects your dexterity (-4).
   It protects you from fire.
   It lets you see invisible.
 v - a +6 amulet of reflection (around neck)
 B - an uncursed amulet of regeneration
 J - an uncursed amulet of magic regeneration
 K - an uncursed ring of magical power
 N - a ring of poison resistance (left claw)
 R - a +5 ring of dexterity
 W - an uncursed ring of resist corrosion
Wands
 b - a wand of acid (11)
 l - a wand of clouds (4)
 t - a wand of digging (7)
 M - a wand of scattershot (3)
 V - a wand of disintegration (14)
Scrolls
 c - a scroll of silence
 e - 13 scrolls of remove curse
 j - 6 scrolls of identify
 r - 10 scrolls of magic mapping
 s - 16 scrolls of teleportation
 w - 9 scrolls of fog
 A - 6 scrolls of amnesia
 Q - 2 scrolls of fear
 T - a scroll of blinking
 U - 2 scrolls of enchant armour
 Y - a scroll of holy word
Potions
 h - 8 potions of ambrosia
 m - 6 potions of mutation
 n - 4 potions of brilliance
 o - 8 potions of flight
 p - a potion of lignification
 q - 14 potions of curing
 D - a potion of invisibility
 F - 4 potions of might
 H - 2 potions of heal wounds
 O - a potion of cancellation
 X - 3 potions of agility
 Z - a potion of resistance
Miscellaneous
 g - a phial of floods
 z - 2 phantom mirrors
Comestibles
 u - 5 chunks of flesh
 y - 51 rations


   Skills:
 + Level 10.2 Fighting
 + Level 6.4 Throwing
 + Level 9.9 Dodging
 + Level 14.3 Unarmed Combat
 + Level 7.9 Spellcasting
 * Level 13.1 Transmutations
 + Level 10.5 Earth Magic
 + Level 10.6 Invocations


You had 5 spell levels left.
You knew the following spells:

 Your Spells              Type           Power        Failure   Level  Hunger
c - Stone Arrow           Conj/Erth      #####.       1%          3    None
f - Statue Form           Tmut/Erth      ######...    2%          6    ######.
i - Ice Form              Ice/Tmut       #####...     1%          4    ##.....
k - Sandblast             Erth           ######       1%          1    None
l - Lee's Rapid Deconstr  Erth           ######....   1%          5    ####...
n - Sticks to Snakes      Tmut           ######..     1%          2    None
p - Petrify               Tmut/Erth      ######..     1%          4    ##.....
w - Passwall              Tmut/Erth      ######..     1%          2    None

Your spell library contained the following spells:

 Spells                   Type           Power        Failure   Level  Hunger
 Beastly Appendage        Tmut           ######       1%          1    None
 Spider Form              Tmut/Pois      #####.....   1%          3    None
 Blade Hands              Tmut           ######....   1%          5    ####...
 Animate Skeleton         Necr           N/A          2%          1    None
 Corona                   Hex            ##.....      2%          1    None
 Flame Tongue             Conj/Fire      ##...        2%          1    None
 Magic Dart               Conj           ##..         2%          1    None
 Pain                     Necr           ##..         2%          1    None
 Sting                    Conj/Pois      ##..         2%          1    None
 Summon Small Mammal      Summ           ##..         2%          1    None
 Blink                    Tloc           N/A          3%          2    None
 Call Imp                 Summ           ##......     3%          2    None
 Ensorcelled Hibernation  Hex/Ice        ##....       3%          2    None
 Poisonous Vapours        Pois/Air       ##....       3%          2    None
 Slow                     Hex            ##......     3%          2    None
 Sublimation of Blood     Necr           ##........   3%          2    None
 Throw Flame              Conj/Fire      ##....       3%          2    None
 Call Canine Familiar     Summ           ##......     7%          3    None
 Confuse                  Hex            ##......     7%          3    None
 Conjure Flame            Conj/Fire      ##......     7%          3    None
 Dazzling Spray           Conj/Hex       ##....       7%          3    None
 Gell's Gravitas          Tloc           ##........   7%          3    None
 Inner Flame              Hex/Fire       ##......     7%          3    None
 Mephitic Cloud           Conj/Pois/Air  ##......     7%          3    None
 Recall                   Summ/Tloc      N/A          7%          3    None
 Summon Guardian Golem    Hex/Summ       ##......     7%          3    None
 Tukima's Dance           Hex            ##......     7%          3    None
 Borgnjor's Vile Clutch   Necr/Erth      #####.....   8%          5    ####...
 Animate Dead             Necr           N/A          22%         4    ##.....
 Olgreb's Toxic Radiance  Pois           ##......     22%         4    ##.....
 Sticky Flame             Conj/Fire      ##......     22%         4    ##.....
 Summon Ice Beast         Ice/Summ       ##......     22%         4    ##.....
 Summon Lightning Spire   Summ/Air       ##......     22%         4    ##.....
 Aura of Abjuration       Summ           ##........   52%         5    ####...
 Bolt of Draining         Conj/Necr      ##........   52%         5    ####...
 Fireball                 Conj/Fire      ##........   52%         5    ####...
 Lightning Bolt           Conj/Air       ##........   52%         5    ####...
 Silence                  Hex/Air        ##........   52%         5    ####...
 Summon Demon             Summ           ##........   52%         5    ####...
 Summon Forest            Summ/Tloc      ##........   52%         5    ####...
 Summon Mana Viper        Hex/Summ       ##......     52%         5    ####...
 Venom Bolt               Conj/Pois      ##........   52%         5    ####...
 Darkness                 Hex            ##........   96%         6    ######.
 Death Channel            Necr           ##........   96%         6    ######.
 Shadow Creatures         Summ           N/A          96%         6    ######.
 Disjunction              Tloc           ##........   100%        8    #######


Dungeon Overview and Level Annotations

Branches:
Dungeon (15/15)            Temple (1/1) D:6            Lair (6/6) D:9
 Shoals (0/4) Lair:3        Snake (4/4) Lair:2        Slime (0/5) Lair:6
    Orc (2/2) D:11            Elf (2/3) Orc:2        Vaults (0/5) D:14
 Depths (0/5) D:15

Altars:
Ashenzari
Cheibriados
Dithmenos
Elyvilon
Fedhas
Gozag
Hepliaklqana
Kikubaaqudgha
Makhleb
Nemelex Xobeh
Okawaru
Qazlal
Ru
Sif Muna
Trog
Uskayaw
Vehumet
Wu Jian
Xom
Yredelemnul
Zin
The Shining One
Beogh
Jiyva

Shops:
D:4 !   D:6 %   D:8 (}**:   D:9 [[*?   D:15 =}:[   Orc:2 %**([   Elf:1 }=}%
Snake:3 }!

Annotations:
D:7 1 runed door
D:11 3 runed doors, Shaidar's ghost, journeyman MiBe; Tinttamiau's ghost, novice DrEE
Lair:6 1 runed door
Elf:2 5 runed doors


Innate Abilities, Weirdness & Mutations

You are too large for most types of armour.
You have claws for hands.
Your metabolism is lightning-fast.
You like to eat raw meat.
Your natural rate of healing is unusually fast.
You are covered in fur. (AC +1)
You have very tough skin. (AC +2)


Message History

The bolt of poison misses you.
The bolt of poison hits the naga sharpshooter.
A naga warrior comes into view. It is wielding a +0 long sword.
A naga and a nagaraja come into view.
The nagaraja shouts!
The naga shouts!
You hear a shout! x4
The guardian serpent barely misses you. The nagaraja closely misses you.
You block the nagaraja's attack.
A naga comes into view. It is wielding a +0 glaive.
The guardian serpent closely misses you.
The nagaraja hits you with a +0 spear!
* * * LOW HITPOINT WARNING * * *
The nagaraja grabs you.
* * * LOW HITPOINT WARNING * * *
The nagaraja constricts you. The shock serpent bites you!
* * * LOW HITPOINT WARNING * * *
The shock serpent shocks you!
* * * LOW HITPOINT WARNING * * *
A naga comes into view. It is wielding a +4 mace.
The guardian serpent misses you. The shock serpent bites you.
You die...

##..##,,,,*,,,,,,*,,,,**
##..##,,,**,,,,**,,,**
##..##,,,**,,*#.N,**
##..##,,,***#...**
##..##,,,*#...#*
##..##,,,...#*
##.)##S.N.#* ##NN##NN###
##S@NNS..# #S).##..#
###....#* *#####


You could see 2 naga warriors, 2 nagarajas, a naga sharpshooter, an anaconda, a
shock serpent, a guardian serpent and 3 nagas.

Vanquished Creatures
  Vashnia (Snake:1)
  Nikola (Snake:3)
  The ghost of Vutif the Impaler, an adept FoFi of Cheibriados (Snake:2)
  The ghost of Odityub the Brawler, an adept TrFi of Elyvilon (Snake:2)
  The ghost of Muusileo the Brawler, an adept TrMo of Qazlal (Snake:2)
  Gastronok (D:9)
  The ghost of Yneducep the Brawler, an adept MiFi of Okawaru (Snake:2)
  Kirke (D:15)
  3 nagarajas (Snake:3)
  3 deep elf sorcerers (Elf:2)
  An orc warlord (Bailey)
  Nessos (Lair:4)
  A minotaur (Gauntlet)
  3 deep elf death magi
  A deep elf high priest (Elf:2)
  Josephine (Lair:4)
  11 naga warriors
  Fannar (Orc:1)
  8 vault guards (D:14)
  8 hydras
  7 anacondas
  2 centaur warriors (D:13)
  3 catoblepae (Lair:6)
  8 dancing weapons
  4 ogre magi (Orc:2)
  A tengu warrior (D:15)
  18 two-headed ogres
  A death knight (D:14)
  12 death yaks
  10 shock serpents
  Urug (Lair:2)
  19 naga sharpshooters
  8 deep elf knights
  Sonja (Lair:4)
  4 salamander mystics
  A fire crab (Gauntlet)
  3 sea snakes
  3 unseen horrors
  7 naga ritualists
  4 deep elf archers
  A wizard (D:12)
  38 deep elf magi
  3 orc knights
  16 ugly things
  10 mana vipers
  A wolf spider (D:15)
  6 cyclopes
  3 manticores
  3 oklob plants
  11 salamanders
  Joseph (D:8)
  5 guardian serpents
  50 black mambas
  17 naga magi
  Psyche (D:8)
  13 spiny frogs
  3 gargoyles
  A spiny frog (shapeshifter) (D:15)
  5 komodo dragons
  A redback zombie (D:14)
  5 kobold demonologists (D:11)
  A freezing wraith (D:14)
  A tengu conjurer (D:15)
  A troll (D:12)
  5 slime creatures
  8 hippogriffs
  12 blink frogs
  2 polar bears
  A meliai zombie (D:13)
  8 dream sheep (Lair:6)
  45 yaks
  2 wyverns
  2 vampires
  2 spriggans
  3 shadows
  6 wraiths
  A hog (D:15)
  5 fire bats (Gauntlet)
  3 fire elementals
  3 water elementals
  3 basilisks
  4 vampire mosquitoes
  2 hungry ghosts
  3 swamp worms (Gauntlet)
  38 nagas
  13 water moccasins
  3 acid dragons
  13 porcupines
  A hell hound (Gauntlet)
  35 orc warriors
  2 sky beasts
  3 black bears
  A hornet zombie (D:8)
  A phantom (D:12)
  2 ice beasts
  29 ogres
  14 wolves
  2 eyes of draining
  14 centaurs
  16 crocodiles
  5 big kobolds
  16 bullfrogs
  A gnoll sergeant (D:10)
  A wyvern zombie (D:8)
  A wyvern skeleton (D:12)
  9 scorpions
  8 killer bees
  3 jellies
  3 wights (D:15)
  2 electric eels (Snake:1)
  5 crimson imps
  5 howler monkeys
  A bullfrog zombie (D:10)
  3 centaur zombies
  A quasit (D:14)
  6 centaur skeletons
  12 orc priests
  A bullfrog skeleton (D:8)
  8 hounds
  23 orc wizards
  Jessica (D:3)
  4 iguanas
  14 worker ants
  A worker ant zombie (D:6)
  13 adders
  25 gnolls
  6 shadow imps
  An ooze (D:7)
  3 adder skeletons
  9 worms
  2 dart slugs (D:3)
  6 leopard geckos
  95 orcs
  6 giant cockroaches
  21 goblins
  14 hobgoblins
  11 jackals
  23 kobolds
  3 quokkas
  3 ball pythons
  5 bats
  2 frilled lizards
  A leopard gecko skeleton (D:4)
  7 rats
  A bush (Lair:4)
  A fungus (D:9)
  A plant (Lair:4)
1064 creatures vanquished.

Vanquished Creatures (collateral kills)
  6 oklob plants
  A yak (Lair:6)
  Blork the orc (D:5)
  An orc wizard (D:5)
  A fungus (Lair:6)
  7 plants
17 creatures vanquished.

Vanquished Creatures (others)
  2 deep elf knights
  An unseen horror (D:13)
  A deep elf mage (Elf:1)
  A salamander (Snake:1)
  A human (D:15)
  A water elemental (Elf:2)
  2 nagas
  A crocodile (D:15)
  An orc (D:8)
  2 bushes
  11 fungi
  16 plants
40 creatures vanquished.

Grand Total: 1121 creatures vanquished

Notes
Turn   | Place    | Note
-------+----------+-------------------------------------------
     0 | D:1      | Majang the Troll Transmuter began the quest for the Orb.
     0 | D:1      | Reached XP level 1. HP: 18/18 MP: 1/1
   247 | D:1      | Reached skill level 1 in Fighting
   356 | D:1      | Reached XP level 2. HP: 27/27 MP: 3/3
  1165 | D:2      | Reached XP level 3. HP: 15/33 MP: 2/4
  1240 | D:2      | Reached XP level 4. HP: 41/41 MP: 3/5
  1299 | D:2      | Learned a level 2 spell: Sticks to Snakes
  1410 | D:2      | Found a sparkling altar of Nemelex Xobeh.
  1616 | D:2      | Found a stormy altar of Qazlal.
  1967 | D:2      | Reached XP level 5. HP: 29/49 MP: 4/6
  2185 | D:3      | Noticed Jessica
  2195 | D:3      | Killed Jessica
  2419 | D:3      | Found an ornate altar of the Wu Jian Council.
  2453 | D:3      | Reached skill level 4 in Unarmed Combat
  2497 | D:3      | Reached XP level 6. HP: 55/57 MP: 8/8
  3004 | D:4      | Found Cerisut's Distillery.
  3014 | D:4      | Bought a potion of heal wounds for 60 gold pieces
  3014 | D:4      | Bought a potion of lignification for 36 gold pieces
  3014 | D:4      | Bought a potion of curing for 36 gold pieces
  3014 | D:4      | Bought a potion of degeneration for 12 gold pieces
  3041 | D:4      | Reached XP level 7. HP: 58/66 MP: 7/9
  3285 | D:4      | Found a hide-covered altar of Uskayaw.
  3288 | D:4      | Found a burning altar of Makhleb.
  3289 | D:4      | Found a bloodstained altar of Trog.
  3289 | D:4      | Found a snail-covered altar of Cheibriados.
  3289 | D:4      | Found a stormy altar of Qazlal.
  3293 | D:4      | Found an opulent altar of Gozag.
  3297 | D:4      | Became a worshipper of Cheibriados the Contemplative
  3348 | D:4      | Learned a level 1 spell: Sandblast
  3352 | D:4      | Found a blossoming altar of Fedhas.
  3504 | D:5      | Entered Level 5 of the Dungeon
  3571 | D:5      | Noticed Blork the orc
  3582 | D:5      | Killed Blork the orc
  3642 | D:5      | Reached skill level 1 in Invocations
  3653 | D:5      | Reached skill level 1 in Earth Magic
  3730 | D:5      | Reached skill level 5 in Unarmed Combat
  3730 | D:5      | Reached XP level 8. HP: 57/75 MP: 8/11
  3813 | D:5      | Reached * piety under Cheibriados
  4105 | D:5      | Found a radiant altar of Vehumet.
  4399 | D:6      | Found a staircase to the Ecumenical Temple.
  4417 | Temple   | Entered the Ecumenical Temple
  4559 | D:6      | Reached skill level 5 in Transmutations
  4588 | D:6      | Reached ** piety under Cheibriados
  4897 | D:6      | Reached XP level 9. HP: 71/84 MP: 10/12
  5211 | D:6      | Reached *** piety under Cheibriados
  5224 | D:6      | Found Sawnam's Food Shoppe.
  5473 | D:4      | Bought a potion of lignification for 36 gold pieces
  5473 | D:4      | Bought a potion of lignification for 36 gold pieces
  5567 | D:7      | Got an ancient turquoise ring
  5568 | D:7      | Identified the ring "Guigimut" {Wiz rF+ Dex-4 SInv} (You
                  | found it on level 7 of the Dungeon)
  5574 | D:7      | Learned a level 4 spell: Ice Form
  5580 | D:7      | Learned a level 5 spell: Blade Hands
  5693 | D:7      | Found a runed door.
  5694 | D:7      | Found a glowing golden altar of the Shining One.
  5694 | D:7      | Noticed an angel
  5816 | D:7      | Reached skill level 6 in Unarmed Combat
  6187 | D:8      | Noticed Joseph
  6197 | D:8      | Killed Joseph
  6294 | D:8      | Found Nyoroarch's Assorted Antiques.
  6416 | D:8      | Found a flagged portal.
  6453 | Bailey   | Entered a bailey
  6468 | Bailey   | Reached **** piety under Cheibriados
  6604 | Bailey   | Reached XP level 10. HP: 73/94 MP: 10/14
  6805 | Bailey   | Reached ***** piety under Cheibriados
  6865 | Bailey   | Noticed an orc warlord
  6956 | Bailey   | Noticed an orc knight
  6973 | Bailey   | Killed an orc knight
  7098 | Bailey   | Killed an orc warlord
  7098 | Bailey   | Reached skill level 5 in Fighting
  7220 | Bailey   | Got a shimmering robe
  7231 | Bailey   | Identified the cursed +0 robe "Lajaugoizo" {rElec MR+} (You
                  | took it off an orc in a bailey)
  7309 | D:8      | Found Omontush's Gadget Shop.
  7313 | D:8      | Reached skill level 7 in Unarmed Combat
  7317 | D:8      | Found Ixuintop's Antique Weapon Shoppe.
  7417 | D:8      | Found a glowing golden altar of the Shining One.
  7685 | D:8      | Noticed Psyche
  7691 | D:8      | Killed Psyche
  7756 | D:8      | Found Loeph's General Store.
  7764 | D:8      | Bought a +0 cloak for 49 gold pieces
  7764 | D:8      | Bought a potion of heal wounds for 55 gold pieces
  7787 | D:8      | Found Rurubu's Book Boutique.
  7799 | D:8      | Upgraded the game from 0.23-a0-175-g97aacdb306 to
                  | 0.23-a0-741-g38971ea054
  7962 | D:9      | Found Poepp's General Store.
  7973 | D:9      | Noticed Gastronok
  7986 | D:9      | Killed Gastronok
  7986 | D:9      | Reached XP level 11. HP: 29/104 MP: 16/16
  8124 | D:9      | Found a bloodstained altar of Trog.
  8161 | D:9      | Found a bloodstained altar of Trog.
  8309 | D:9      | Reached skill level 5 in Earth Magic
  8348 | D:9      | Found an iron altar of Okawaru.
  8371 | D:9      | Noticed a red ugly thing
  8385 | D:9      | Killed a red ugly thing
  8385 | D:9      | Reached skill level 5 in Invocations
  8534 | D:9      | Found Ithawn's Magic Scroll Emporium.
  8584 | D:9      | Found Yfuskint's Armour Emporium.
  8619 | D:9      | Found a staircase to the Lair.
  8640 | D:9      | Learned a level 3 spell: Stone Arrow
  8649 | D:9      | Found Ytta's Armour Emporium.
  8857 | Lair:1   | Entered Level 1 of the Lair of Beasts
  8865 | Lair:1   | Reached skill level 5 in Dodging
  8891 | Lair:1   | Identified a scroll of acquirement
  8973 | Lair:1   | Gained mutation: You are frail. (-10% HP) [potion of
                  | mutation]
  8973 | Lair:1   | Lost mutation: You are frail. (-10% HP) [potion of
                  | mutation]
  8977 | Lair:1   | Reached skill level 11 in Unarmed Combat
  8977 | Lair:1   | Reached XP level 12. HP: 113/113 MP: 17/17
  9704 | Lair:2   | Found a staircase to the Snake Pit.
 10241 | Lair:2   | Noticed a five-headed hydra
 10253 | Lair:2   | Killed a five-headed hydra
 10706 | Lair:2   | Reached ****** piety under Cheibriados
 11281 | Lair:2   | Noticed Urug
 11285 | Lair:2   | Killed Urug
 11373 | Lair:2   | Reached XP level 13. HP: 101/120 MP: 13/19
 11473 | Lair:2   | Learned a level 5 spell: Lee's Rapid Deconstruction
 11623 | Lair:3   | Found a staircase to the Shoals.
 11743 | Lair:3   | Reached skill level 5 in Spellcasting
 12660 | Lair:4   | Noticed Nessos
 12675 | Lair:4   | Killed Nessos
 13000 | Lair:4   | Noticed Sonja
 13002 | Lair:4   | Killed Sonja
 13060 | Lair:4   | Noticed Josephine
 13078 | Lair:4   | Killed Josephine
 13128 | Lair:4   | You fall through a shaft!
 14837 | Lair:6   | Entered Level 6 of the Lair of Beasts
 14914 | Lair:6   | Reached skill level 12 in Unarmed Combat
 15040 | Lair:6   | Reached XP level 14. HP: 95/133 MP: 9/21
 15483 | Lair:6   | Found a runed door.
 15486 | Lair:6   | Found a viscous altar of Jiyva.
 15486 | Lair:6   | Noticed an acid blob
 15487 | Lair:6   | Noticed an acid blob
 16026 | Lair:6   | Found a staircase to the Slime Pits.
 16026 | Lair:6   | Noticed an acid blob
 16321 | Lair:6   | Reached skill level 10 in Transmutations
 16954 | Lair:4   | Learned a level 2 spell: Passwall
 17255 | Lair:4   | Got a heavy robe
 17256 | Lair:4   | Identified the +5 robe of Responsibility {+Blink rC+} (You
                  | found it on level 4 of the Lair of Beasts)
 17386 | D:10     | Entered Level 10 of the Dungeon
 17492 | D:10     | Found a runed door.
 18118 | D:10     | Found a roughly hewn altar of Beogh.
 18250 | D:11     | Found a staircase to the Orcish Mines.
 18740 | D:11     | Found a runed gate.
 18740 | D:11     | Found a runed gate.
 18740 | D:11     | Found a runed gate.
 18740 | D:11     | Noticed Shaidar's ghost (journeyman MiBe)
 18741 | D:11     | Noticed Tinttamiau's ghost (novice DrEE)
 18934 | Orc:1    | Entered Level 1 of the Orcish Mines
 19380 | Orc:2    | Entered Level 2 of the Orcish Mines
 19658 | Orc:2    | Found a staircase to the Elven Halls.
 19965 | Orc:1    | Reached XP level 15. HP: 103/143 MP: 23/23
 20409 | Orc:2    | Found a bloodstained altar of Trog.
 20458 | Orc:2    | Found Fuel's Antique Armour Shoppe.
 20554 | Orc:2    | Found Ihafur's Assorted Antiques.
 20554 | Orc:2    | Found Medenlie's Food Shoppe.
 20555 | Orc:2    | Found Uprur's Weapon Emporium.
 20555 | Orc:2    | Found Nux Quf's General Store.
 20743 | Orc:2    | HP: 1/143 [orc warrior/+0 trident[an orc knight] (11)]
 21205 | Orc:1    | Noticed Fannar
 21213 | Orc:1    | Killed Fannar
 21281 | Orc:2    | Bought a potion of curing for 108 gold pieces
 21350 | D:12     | Found a gate leading to a gauntlet.
 21354 | Gauntlet | Entered a Gauntlet
 21354 | Gauntlet | Found a transporter.
 21362 | Gauntlet | Found a transporter.
 21363 | Gauntlet | Found a transporter.
 21374 | Gauntlet | Found a transporter.
 21376 | Gauntlet | Found a transporter.
 21386 | Gauntlet | Found a transporter.
 21403 | Gauntlet | Found a transporter.
 21408 | Gauntlet | Found a transporter.
 21428 | Gauntlet | Found a transporter.
 21432 | Gauntlet | Found a transporter.
 21457 | Gauntlet | Found a runed translucent door.
 21458 | Gauntlet | Found a transporter.
 21458 | Gauntlet | Found a transporter.
 21459 | Gauntlet | Found a runed translucent door.
 21546 | Gauntlet | Found a transporter.
 21563 | Gauntlet | Found a transporter.
 22707 | D:13     | Reached skill level 1 in Throwing
 23067 | D:13     | Reached skill level 13 in Unarmed Combat
 23623 | Snake:1  | Entered Level 1 of the Snake Pit
 24684 | Snake:1  | Reached XP level 16. HP: 133/153 MP: 22/25
 25616 | Elf:1    | Entered Level 1 of the Elven Halls
 26352 | Elf:1    | Found Ugikubeg's Gadget Shoppe.
 26352 | Elf:1    | Found Dozula's Jewellery Boutique.
 26353 | Elf:1    | Found Fifokhleo's Gadget Shoppe.
 26433 | Elf:1    | Found Pun Empekli's Food Shoppe.
 27535 | Elf:2    | Identified the Almanac of Torrid Dark Rites
 27542 | Elf:2    | Learned a level 4 spell: Petrify
 27778 | Elf:2    | Found a huge runed gate.
 27778 | Elf:2    | Found a huge runed gate.
 27778 | Elf:2    | Found a huge runed gate.
 27778 | Elf:2    | Found a huge runed gate.
 27784 | Elf:2    | Found a huge runed gate.
 28338 | D:14     | Reached XP level 17. HP: 125/163 MP: 23/26
 28421 | D:14     | Found a gate to the Vaults.
 28765 | D:15     | Entered Level 15 of the Dungeon
 28784 | D:15     | Found Osenoh's Book Boutique.
 28790 | D:15     | Bought the Compendium of the Salmon for 962 gold pieces
 28798 | D:15     | Learned a level 6 spell: Statue Form
 28880 | D:15     | Found Qythrom's Antique Armour Boutique.
 28881 | D:15     | Upgraded the game from 0.23-a0-741-g38971ea054 to
                  | 0.23-a0-767-gdc19b93d68
 28893 | D:15     | Noticed Kirke
 28902 | D:15     | Killed Kirke
 28983 | D:15     | Found a staircase to the Depths.
 29073 | D:15     | Found Voarum's Jewellery Emporium.
 29148 | D:15     | Found Viab's Gadget Emporium.
 29289 | D:15     | Found a deep blue altar of Sif Muna.
 29484 | Snake:2  | Noticed Vashnia
 29605 | Snake:1  | Killed Vashnia
 29914 | Snake:2  | Reached skill level 5 in Throwing
 29995 | Snake:2  | Found a runed gate.
 29995 | Snake:2  | Found a runed gate.
 29995 | Snake:2  | Found a runed gate.
 29995 | Snake:2  | Noticed Yneducep's ghost (adept MiFi)
 29995 | Snake:2  | Noticed Odityub's ghost (adept TrFi)
 29995 | Snake:2  | Noticed Muusileo's ghost (adept TrMo)
 29996 | Snake:2  | Noticed Vutif's ghost (adept FoFi)
 30027 | Snake:2  | Killed Vutif's ghost
 30027 | Snake:2  | Reached skill level 10 in Invocations
 30033 | Snake:2  | Killed Odityub's ghost
 30040 | Snake:2  | Killed Muusileo's ghost
 30055 | Snake:2  | Killed Yneducep's ghost
 30231 | Snake:2  | Identified the Grimoire of Unholy Secrets and the Birds
 30755 | Snake:3  | Reached skill level 10 in Earth Magic
 30952 | Snake:3  | Reached skill level 14 in Unarmed Combat
 31151 | Snake:3  | Reached XP level 18. HP: 174/174 MP: 28/28
 31203 | Snake:3  | Found Suwaosche's Distillery.
 31208 | Snake:3  | Bought a potion of mutation for 96 gold pieces
 31208 | Snake:3  | Bought a potion of might for 48 gold pieces
 31208 | Snake:3  | Bought a potion of curing for 36 gold pieces
 31208 | Snake:3  | Bought 2 potions of agility for 96 gold pieces
 31208 | Snake:3  | Bought a potion of curing for 36 gold pieces
 31208 | Snake:3  | Bought a potion of ambrosia for 96 gold pieces
 31256 | Snake:3  | Reached skill level 10 in Fighting
 31402 | Snake:3  | Found Zereng's Gadget Shop.
 31496 | Snake:4  | Entered Level 4 of the Snake Pit
 31496 | Snake:4  | Noticed Nikola
 31528 | Snake:3  | Killed Nikola
 32599 | Snake:4  | HP: 2/175 [shock serpent (11)]
 32599 | Snake:4  | Slain by a shock serpent

Vault maps used:
D:1:      tarquinn_simple_flora_water_d
D:2:      lemuel_doored_altar, first_ration, grunt_qazlal_clouds
D:3:      nicolae_overflow_crystal_walls, kennysheep_jessica_study, uniq_jessica
D:4:      overflow_temple_1_default, minitemple, serial_shops,
          nicolae_shop_waterfront
D:5:      kennysheep_mini, uniq_blork_the_orc
D:6:      minmay_temple_entry_nine_rooms, kennysheep_windowed_goal
D:7:      lemuel_angel_altar
D:8:      lemuel_round_altar, enter_bailey_7, serial_shops,
          nicolae_shop_temple_entry_statues_fountains, shop, shop_statue, shop,
          shop, uniq_joseph, uniq_psyche
D:9:      okawaru_gym_becter, grunt_lair_entry_orc_guard_hut, basic_altar,
          serial_shops, shop, shop_fountains, nicolae_shop_stone,
          shop_fountains, grunt_pizzeria, trog_three_pillars_becter,
          uniq_gastronok
D:10:     lightli_church_of_beogh
D:11:     david_orc_2, gammafunk_ghost_cemetery
D:12:     gauntlet_entry_generic, minmay_bent
D:14:     erik_vaults_2, minmay_circle_x
D:15:     hangedman_depths_entry_try_elsewhere_first, serial_shops,
          nicolae_shop_temple_entry_statues_fountains, shop, shop,
          nicolae_shop_trees, lemuel_blue_sif_altar, minmay_crystal_water,
          uniq_kirke
Temple:   compressed_dpeg_circular_temple
Lair:1:   hibernation_bobbens
Lair:2:   dpeg_oklob_gauntlet, minmay_snake_entry_spellcaster,
          beast_lair_carwin_9, uniq_urug
Lair:3:   shoals_dummy_entry
Lair:4:   minmay_hedge_maze, minmay_lair_oklob_chamber, uniq_nessos, uniq_sonja,
          uniq_josephine
Lair:5:   grunt_forest_stairs_clearing
Lair:6:   evilmike_catoblepas_cave, slime_altar_2, guppyfry_lair_drakes
Snake:1:  nicolae_snake_round_shape_thing, serial_bayou_shore_a
Snake:2:  gammafunk_ghost_cemetery, uniq_vashnia
Snake:3:  nicolae_snakescales, serial_shops, shop_statue,
          nicolae_shop_temple_entry_statues_fountains, drop_trap
Snake:4:  johnstein_snake_rune_scales, grunt_ministairs_7, serial_bayou_pond_b,
          statue_in_the_mist_lemuel, uniq_nikola
Orc:1:    uniq_fannar
Orc:2:    st_orc_ogre_mass, serial_shops, nicolae_shop_crystal,
          lemuel_statue_altar
Elf:1:    eino_elf_arrival_the_gate, serial_shops, shop,
          minmay_elf_crystal_heptagon, minmay_shop_grove
Bailey:   bailey_axe_minmay_hex_keep, bailey
Gauntlet: minmay_gauntlet_77_tree

Skill      XL: |  1  2  3  4  5  6  7  8  9 10 11 12 13 14 15 16 17 18 |
---------------+-------------------------------------------------------+-----
Fighting       | 1 2 3 4 5 6 7 8 9 10 | 10.2
Transmutations | 2 3 4 5 6 7 8 9 10 11 12 13 | 13.1
Spellcasting   | 2 3 4 5 6 7 |  7.9
Unarmed Combat | 4 5 6 7 11 12 13 14 | 14.3
Invocations    | 1 2 3 4 5 6 7 8 9 10 | 10.6
Earth Magic    | 1 2 3 4 5 6 7 8 9 10 | 10.5
Dodging        | 2 3 4 5 6 7 8 9 |  9.9
Throwing       | 2 4 5 6 |  6.4

Action                   |  1- 3 |  4- 6 |  7- 9 | 10-12 | 13-15 | 16-18 || total
-------------------------+-------+-------+-------+-------+-------+-------++-------
Melee: Unarmed           |    54 |   201 |   339 |   276 |   739 |   692 ||  2301
       Kick              |     2 |    12 |    19 |     1 |       |       ||    34
       Punch             |     1 |     5 |     9 |    10 |    58 |    71 ||   154
       Headbutt          |       |    12 |    19 |     3 |       |       ||    34
Throw: Stone             |       |       |       |     1 |       |       ||     1
       Large rock        |       |       |       |       |     7 |     7 ||    14
 Cast: Beastly Appendage |    12 |    26 |    22 |     2 |       |       ||    62
       Sticks to Snakes  |       |     1 |    11 |    32 |    54 |     4 ||   102
       Sandblast         |       |       |     6 |       |       |       ||     6
       Blade Hands       |       |       |     9 |    32 |   118 |    38 ||   197
       Stone Arrow       |       |       |       |    18 |    52 |       ||    70
       Lee's Rapid Decon |       |       |       |       |    10 |    11 ||    21
       Ice Form          |       |       |       |       |     1 |       ||     1
       Passwall          |       |       |       |       |     1 |       ||     1
       Petrify           |       |       |       |       |       |     2 ||     2
       Statue Form       |       |       |       |       |       |    45 ||    45
Invok: Bend Time         |       |       |       |     2 |     2 |     2 ||     6
       Slouch            |       |       |       |       |    15 |     6 ||    21
       Temporal Distorti |       |       |       |       |     1 |       ||     1
 Abil: End Transformatio |       |       |       |       |     2 |       ||     2
Evoke: Wand              |       |       |       |     4 |    11 |     8 ||    23
       Phial of floods   |       |       |       |       |       |     1 ||     1
  Use: Scroll            |       |     1 |     5 |    10 |    19 |     6 ||    41
       Potion            |       |       |     2 |     9 |     6 |     3 ||    20
 Stab: Distracted        |       |     1 |     3 |       |     3 |       ||     7
       Sleeping          |       |       |     1 |     1 |     2 |       ||     4
       Paralysed         |       |       |       |       |     1 |       ||     1
  Eat: Chunk             |    15 |    20 |    28 |    40 |   108 |    82 ||   293
       Ration            |       |       |       |       |     1 |     2 ||     3
Armor: Robe              |    18 |    49 |    67 |    33 |    92 |       ||   259
       Skin              |       |       |       |    17 |    14 |   437 ||   468
       Acid dragon scale |       |       |       |       |    74 |    66 ||   140
Dodge: Dodged            |    35 |    86 |   125 |    91 |   436 |   689 ||  1462
Block: Other             |       |       |       |    26 |   192 |   264 ||   482
       Reflection        |       |       |       |     1 |    27 |    43 ||    71

Table legend:
 A = Non-vault XP
 B = Vault XP
 C = Vault XP percentage of total XP
 D = Non-vault monster count
 E = Vault monster count
 F = Vault count percentage of total count
                 A         B        C        D         E       F
            +---------+---------+-------+---------+---------+-------
      Total |  201291 |  122185 |  37.8 |     763 |     311 |  29.0
            +---------+---------+-------+---------+---------+-------
        D:1 |      23 |       0 |   0.0 |      13 |       0 |   0.0
        D:2 |     192 |       0 |   0.0 |      41 |       0 |   0.0
        D:3 |     127 |      39 |  23.5 |      22 |       2 |   8.3
        D:4 |     584 |       0 |   0.0 |      27 |       0 |   0.0
        D:5 |    1036 |      54 |   5.0 |      33 |       1 |   2.9
        D:6 |    1437 |      16 |   1.1 |      35 |       2 |   5.4
        D:7 |     505 |       0 |   0.0 |      11 |       0 |   0.0
        D:8 |    1091 |     924 |  45.9 |      18 |       6 |  25.0
        D:9 |    2423 |    2904 |  54.5 |      19 |       7 |  26.9
       D:10 |    2616 |     183 |   6.5 |      34 |      14 |  29.2
       D:11 |    4189 |     149 |   3.4 |      29 |       5 |  14.7
       D:12 |    6609 |    1855 |  21.9 |      24 |      10 |  29.4
       D:13 |    7735 |       0 |   0.0 |      27 |       0 |   0.0
       D:14 |   12564 |    9302 |  42.5 |      37 |      14 |  27.5
       D:15 |    5706 |    4192 |  42.4 |      20 |       6 |  23.1
     Lair:1 |    1931 |     382 |  16.5 |      11 |       1 |   8.3
     Lair:2 |    6691 |    3879 |  36.7 |      19 |      12 |  38.7
     Lair:3 |    5400 |       0 |   0.0 |      24 |       0 |   0.0
     Lair:4 |    3835 |    5540 |  59.1 |      16 |      14 |  46.7
     Lair:5 |    6157 |    1811 |  22.7 |      24 |       7 |  22.6
     Lair:6 |   12771 |   11036 |  46.4 |      35 |      26 |  42.6
    Snake:1 |   15912 |    6601 |  29.3 |      36 |       3 |   7.7
    Snake:2 |    9914 |   10793 |  52.1 |      18 |       5 |  21.7
    Snake:3 |   31110 |    9351 |  23.1 |      55 |       9 |  14.1
    Snake:4 |   18770 |   14646 |  43.8 |      37 |      30 |  44.8
      Orc:1 |    2824 |    6578 |  70.0 |      24 |      15 |  38.5
      Orc:2 |    1568 |   12922 |  89.2 |      18 |      25 |  58.1
      Elf:1 |    9026 |    8519 |  48.6 |      16 |      13 |  44.8
      Elf:2 |   28545 |    1799 |   5.9 |      40 |       2 |   4.8
     Bailey |       0 |    4419 | 100.0 |       0 |      69 | 100.0
   Gauntlet |       0 |    4291 | 100.0 |       0 |      13 | 100.0
            +---------+---------+-------+---------+---------+-------
